 Dungeon Crawl Stone Soup version 0.27.0-1-g7a089689b8 (webtiles) character file.

Game seed: 12214572342445861847

92 sasquatch the Conjurer (level 4, -2/24 HPs)
             Began as a Tengu Conjurer on Aug 4, 2021.
             Killed from afar by an orc wizard (8 damage)
             ... with a magic dart
             ... on level 1 of the Dungeon.
             The game lasted 00:03:48 (1810 turns).

sasquatch the Conjurer (Tengu Conjurer)             Turns: 1810, Time: 00:03:48

Health: -2/24      AC:  2    Str:  7    XL:     4   Next: 60%
Magic:  0/9        EV: 12    Int: 25    God:
Gold:   39         SH:  0    Dex: 13    Spells: 2/8 levels left

rFire    . . .     SeeInvis .   e - +1 dagger (vamp)
rCold    . . .     Faith    .   (no shield)
rNeg     . . .     Spirit   .   a - +0 robe
rPois    .         Reflect  .   (helmet restricted)
rElec    .         Harm     .   d - scarf {repulsion}
rCorr    .         Rampage  .   (no gloves)
Will     .....                  (boots unavailable)
Stlth    ++........             (no amulet)
HPRegen  0.08/turn              j - +6 ring of intelligence
MPRegen  0.11/turn              (no ring)

@: repel missiles
A: beak, talons 3
a: no special abilities


You were on level 1 of the Dungeon.
You visited 1 branch of the dungeon, and saw 2 of its levels.

You collected 39 gold pieces.

Inventory:

Hand Weapons
 e - a +1 vampiric dagger (weapon)
Armour
 a - a +0 robe (worn)
 d - a scarf of repulsion (worn)
Jewellery
 j - a +6 ring of intelligence (left hand)
Scrolls
 b - a scroll of amnesia {unknown}
 c - 3 scrolls of teleportation {unknown}
 g - a scroll of identify {unknown}
 i - a scroll of enchant armour {unknown}
Potions
 f - a potion of might {unknown}
 h - 2 potions of curing {unknown}
 k - a potion of attraction {unknown}
 l - a potion of berserk rage {unknown}


   Skills:
 - Level 2.1 Dodging
 - Level 2.0 Stealth
 + Level 2.9 Spellcasting
 * Level 7.0 Conjurations


You had 2 spell levels left.
You knew the following spells:

 Your Spells              Type           Power      Damage    Failure   Level
a - Magic Dart            Conj           100%       1d8       1%          1
b - Searing Ray           Conj           78%        3d6       1%          2
c - Dazzling Flash        Conj/Hex       42%        N/A       7%          3

Your spell library contained the following spells:

 Spells                   Type           Power      Damage    Failure   Level
 Fulminant Prism          Conj/Hex       10%        3d9       24%         4
 Iskenderun's Mystic Bla  Conj/Tloc      21%        2d6       24%         4
 Gell's Gravitas          Tloc           1%         N/A       30%         3
 Lesser Beckoning         Tloc           1%         N/A       30%         3
 Teleport Other           Tloc           3%         N/A       30%         3
 Leda's Liquefaction      Hex/Erth       1%         N/A       71%         4
 Bolt of Magma            Conj/Fire/Erth 7%         4d6       71%         5
 Statue Form              Tmut/Erth      2%         N/A       100%        6


Dungeon Overview and Level Annotations

Branches:
Dungeon (2/15)

Altars:


Innate Abilities, Weirdness & Mutations

You have a beak for a mouth.
You have claws for feet.


Message History

Press: ? - help, Q - select action, (/) - cycle Shift-Dir - straight line, f/p - orc wizard
Aim: an orc wizard, wielding a +0 dagger and wearing a +0 robe (100% to hit)
The magic dart hits the orc wizard.
The orc wizard is moderately wounded.
The orc wizard hits you with a +0 dagger.
The orc priest calls upon Beogh to heal the orc wizard.
The orc wizard's wounds heal themselves!
You hit the orc wizard but do no damage.
The orc wizard points at you and mumbles some strange words.
The puff of flame misses you.
You hit the orc wizard. Your peck misses the orc wizard.
The orc wizard is lightly wounded.
The orc wizard hits you but does no damage.
The orc priest begins to cast a cantrip, but forgets the words!
The orc wizard casts a spell at you. You resist with some effort.
The orc priest calls down the wrath of Beogh upon you.
Beogh smites you!
The orc priest looks braver for a moment.
There is a stone staircase leading up here.
The orc wizard casts a spell at you. You resist with some effort.
You climb upwards.
There is a stone staircase leading down here.
Aiming: Magic Dart (safe; 1% risk of failure)
Press: ? - help, Q - select action, (/) - cycle Shift-Dir - straight line, f - orc wizard
Aim: an orc wizard, wielding a +0 dagger and wearing a +0 robe (lightly wounded, 100% to hit)
The magic dart hits the orc wizard.
The orc wizard is moderately wounded.
The orc wizard points at you and mumbles some strange words.
The magic dart hits you.
* * * LOW HITPOINT WARNING * * *
Aiming: Magic Dart (safe; 1% risk of failure)
Press: ? - help, Q - select action, (/) - cycle Shift-Dir - straight line, f/p - orc wizard
Aim: an orc wizard, wielding a +0 dagger and wearing a +0 robe (moderately wounded, 100% to hit)
The magic dart hits the orc wizard.
The orc wizard is severely wounded.
The orc wizard points at you and mumbles some strange words.
The magic dart hits you!
You die...

#.........##.#..###..# #.....
#.........##.##..#..########.
#..........#.##..#..#........
#........#.#.###...##.#######
#..†.....#...# #.<(##.# #.
#........##..###...##.######.
#........##..##..#..#........
#........###.##..#..#######..
########...o@#..###..#..##...
####.##.## ##.#......# #.##.#
#.##.....# #.#.## ##.#.#####
#..## ##..# #### ####


You could see an orc wizard.

Vanquished Creatures
  Terence (D:2)
  2 worms (D:2)
  3 dart slugs
  7 orcs (D:2)
  2 ball pythons (D:1)
  5 endoplasms
  A giant cockroach (D:1)
  5 goblins
  2 hobgoblins (D:1)
  2 quokkas
  3 bats
  4 frilled lizards (D:1)
  3 kobolds (D:1)
  9 rats
49 creatures vanquished.

Notes
Turn   | Place    | Note
-------+----------+-------------------------------------------
     0 | D:1      | sasquatch the Tengu Conjurer began the quest for the Orb.
     0 | D:1      | Reached XP level 1. HP: 10/10 MP: 4/4
    87 | D:1      | Reached XP level 2. HP: 15/15 MP: 1/6
   368 | D:1      | Reached skill level 6 in Conjurations
   559 | D:1      | Reached XP level 3. HP: 19/19 MP: 4/7
   562 | D:1      | Learned a level 2 spell: Searing Ray
   566 | D:1      | Learned a level 3 spell: Dazzling Flash
  1540 | D:2      | Reached XP level 4. HP: 24/24 MP: 0/9
  1644 | D:2      | Noticed Terence
  1652 | D:2      | Killed Terence
  1653 | D:2      | Reached skill level 7 in Conjurations
  1810 | D:1      | Killed from afar by an orc wizard

Illustrated notes

Levels and vault maps discovered:
D:1:      dpeg_arrival_simpleton_a, layout_basic
D:2:      cheibrodos_pilgrimage, layout_loops_cross, serial_shops,
          nicolae_lakefront_shop, minmay_pentomino_z2, uniq_terence

Skill      XL: |  1  2  3  4 |
---------------+-------------+-----
Conjurations   | 6 7 |  7.0
Dodging        | |  2.1
Stealth        | |  2.0
Spellcasting   | |  2.9

Action                   |  1- 3 |  4- 6 || total
-------------------------+-------+-------++-------
Melee: Unarmed           |     5 |       ||     5
       Kick              |     2 |     1 ||     3
       Peck              |     1 |     1 ||     2
       Dagger            |       |     6 ||     6
 Cast: Magic Dart        |    70 |    21 ||    91
       Searing Ray       |     1 |     1 ||     2
Armor: Robe              |     1 |     1 ||     2
Dodge: Dodged            |     6 |     2 ||     8
       Repelled          |     1 |       ||     1
